 Dungeon Crawl Stone Soup version 0.29-a0-221-gceb61267dd (webtiles) character file.

Game seed: 2357220668397207276

16 Azmakalis the Stinger (level 2, -1/17 HPs)
             Began as an Octopode Venom Mage on Feb 26, 2022.
             Slain by a jackal (3 damage)
             ... on level 1 of the Dungeon.
             The game lasted 00:01:55 (673 turns).

Azmakalis the Stinger (Octopode Venom Mage)          Turns: 673, Time: 00:01:57

Health: -1/17      AC:  1    Str:  7    XL:     2   Next: 54%
Magic:  0/5        EV: 13    Int: 17    God:
Gold:   26         SH:  0    Dex: 12    Spells: 2/5 levels left

rFire   . . .      SeeInvis .   a - +0 short sword
rCold   . . .      Faith    .   (no shield)
rNeg    . . .      Spirit   .   (helmet restricted)
rPois   .          Reflect  .   (no amulet)
rElec   .          Harm     .   (no ring)
rCorr   .          Rampage  .   (no ring)
Will    .....                   (no ring)
Stlth   +++.......              (no ring)
HPRegen 0.05/turn               (no ring)
MPRegen 0.09/turn               (no ring)
                                (no ring)
                                (no ring)

@: very slightly contaminated
A: almost no armour, amphibious, 8 rings, camouflage 1, gelatinous body 1,
(nimble swimmer 1), tentacles
a: no special abilities


You were on level 1 of the Dungeon.
You visited 1 branch of the dungeon, and saw 1 of its levels.

You collected 26 gold pieces.

Inventory:

Hand Weapons
 a - a +0 short sword (weapon)


   Skills:
 - Level 2.0 Dodging
 - Level 2.6 Stealth
 - Level 2.0 Spellcasting
 - Level 1.0 Transmutations
 + Level 4.6 Poison Magic


You had 2 spell levels left.
You knew the following spells:

 Your Spells              Type           Power      Damage    Failure   Level
a - Sting                 Tmut/Pois      44%        1d5       6%          1
b - Poisonous Vapours     Pois/Air       18%        N/A       11%         2

Your spell library contained the following spells:

 Spells                   Type           Power      Damage    Failure   Level
 Olgreb's Toxic Radiance  Pois           17%        N/A       28%         4
 Mephitic Cloud           Conj/Pois/Air  7%         N/A       30%         3


Dungeon Overview and Level Annotations

Branches:
Dungeon (1/15)

Altars:


Innate Abilities, Weirdness & Mutations

You cannot wear most types of armour.
You are amphibious.
You can wear up to eight rings at the same time.
Your skin changes colour to match your surroundings (Stealth+).
Your rubbery body absorbs attacks. (AC +1, EV +1)
((You are camouflaged when in or above water. (Stealth+)))
You have tentacles for arms and can constrict up to eight enemies at once.


Message History

The rat barely misses you.
You barely miss the jackal. You grab the jackal. You constrict the jackal.
The rat bites you but does no damage.
The jackal struggles to escape constriction.
The rat bites you.
* * * LOW HITPOINT WARNING * * *
You take 3 damage, and have 8/17 hp.
You hit the jackal.
You kill the jackal!
The jackal closely misses you. The rat bites you.
* * * LOW HITPOINT WARNING * * *
You take 1 damage, and have 7/17 hp.
The jackal bites you.
* * * LOW HITPOINT WARNING * * *
You take 2 damage, and have 5/17 hp.
The jackal barely misses you.
Aim: a jackal You miscast Poisonous Vapours.
You are very lightly contaminated with residual magic.
Nothing appears to happen.
* * * LOW MAGIC WARNING * * *
The jackal barely misses you.
The jackal bites you but does no damage.
You now have 0/5 mp.
You closely miss the jackal.
The jackal bites you but does no damage.
You barely miss the jackal.
You tentacle-slap the jackal, but do no damage.
The jackal bites you.
* * * LOW HITPOINT WARNING * * *
The jackal barely misses you.
You completely miss the jackal. You squeeze the jackal.
You kill the jackal!
The jackal bites you.
* * * LOW HITPOINT WARNING * * *
You take 3 damage, and have 2/17 hp.
You closely miss the jackal. You grab the jackal.
You constrict the jackal, but do no damage.
The jackal bites you.
You die...

...........)).......#
...........#÷###)#.#
##.....##...........#
...#...##..#.###.#.#
#.#....#..#.#/#.#
#....#..#.#.###.#
#..#.r#.#.........
###h.##h#.#.#.###.#.#
##.†...#@#.#..... ....
..####..###.....######.
.. ........# ##..### #
...###..# #..♣♣ . #..#
#.♣♣ ........# ♣♣
......... .....r....
.......>...


You could see a jackal and a rat.

Levels and vault maps discovered:
D:1:      ncdulo_lavacross, layout_rooms,
          shapermc_ecumenical_altar_totnotflames, minmay_surrounded

Notes
Turn   | Place    | Note
-------+----------+-------------------------------------------
     0 | D:1      | Azmakalis the Octopode Venom Mage began the quest for the
                  | Orb.
     0 | D:1      | Reached XP level 1. HP: 11/11 MP: 3/3
    16 | D:1      | HP: 2/11 [frozen (5)]
   345 | D:1      | Identified a +0 club
   350 | D:1      | Reached skill level 4 in Poison Magic
   405 | D:1      | Identified a +0 club
   406 | D:1      | Identified a +0 short sword
   407 | D:1      | Identified a +0 club
   412 | D:1      | Reached XP level 2. HP: 16/17 MP: 1/5
   432 | D:1      | Learned a level 2 spell: Poisonous Vapours
   672 | D:1      | HP: 2/17 [jackal (3)]
   673 | D:1      | Slain by a jackal

Table legend: (Time is in decaauts)
 A = Elapsed time spent in this place.
 B = Non-inter-level travel time spent in this place.
 C = Inter-level travel time spent in this place.
 D = Time resting spent in this place.
 E = Time spent auto-exploring this place.
 F = Levels seen in this place.
 G = Mean time per level.
                   A        B        C        D        E       F      G
               +--------+--------+--------+--------+--------+-----+--------+
         Total |    673 |    673 |      0 |      0 |    586 |   1 |  673.0 |
       Dungeon |    673 |    673 |      0 |      0 |    586 |   1 |  673.0 |
               +--------+--------+--------+--------+--------+-----+--------+

Top non-repeatable levels by time:
     D:1: 673 daAuts

Table legend:
 A = Kills in this place as a percentage of kills in entire the game.
 B = Kills by you in this place as a percentage of kills by you in the entire game.
 C = Kills by friends in this place as a percentage of kills by friends in the entire game.
 D = Other kills in this place as a percentage of other kills in the entire game.
 E = Experience gained in this place as a percentage of experience gained in the entire game.
 F = Experience gained in this place divided by the number of levels of this place that you have seen.
                   A       B       C       D       E      F
               +-------+-------+-------+-------+-------+----------------------
         Total | 100.0 | 100.0 |   N/A |   N/A | 100.0 |  23.0
       Dungeon | 100.0 | 100.0 |   N/A |   N/A | 100.0 |  23.0
               +-------+-------+-------+-------+-------+----------------------

Skill      XL: |  1 |
---------------+----+-----
Poison Magic   | 4 |  4.6
Dodging        | |  2.0
Stealth        | |  2.6
Spellcasting   | |  2.0
Transmutations | |  1.0

Action                   || total
-------------------------++-------
Melee: Unarmed           ||    19
       Tentacles         ||     6
       Constrict         ||     7
       Punch             ||     3
       Short sword       ||     9
 Cast: Sting             ||     6
       Poisonous Vapours ||     2
Armor: Skin              ||     6
Dodge: Dodged            ||    23

Vanquished Creatures
  2 ball pythons (D:1)
  An endoplasm (D:1)
  2 goblins (D:1)
  2 hobgoblins (D:1)
  2 jackals (D:1)
  A bat (D:1)
  2 kobolds (D:1)
  2 rats (D:1)
14 creatures vanquished.
